 Dungeon Crawl Stone Soup version 0.31-a0-844-gdc52ec4e09 (webtiles) character file.

Game seed: 3096433248701757231

20011 CrazyBamboolord the Geomancer (level 12, -5/112 HPs)
             Began as a Gargoyle Earth Elementalist on Sept 28, 2023.
             Was a Priest of Vehumet.
             Killed from afar by an electric eel (11 damage)
             ... with a bolt of electricity
             ... on level 11 of the Dungeon.
             The game lasted 00:34:04 (15242 turns).

CrazyBamboolord the Geomancer (GrEE)               Turns: 15242, Time: 00:34:04

Health: -5/112     AC: 26    Str: 13    XL:     12   Next: 75%
Magic:  1/25       EV:  2    Int: 20    God:    Vehumet [***...]
Gold:   354        SH:  5    Dex: 10    Spells: 4/29 levels left

rFire   . . .        t - staff of earth
rCold   + . .        (no shield)
rNeg    + . .        F - melded +0 steam dragon scales
rPois   ∞            y - melded +2 helmet
rElec   .            K - melded +0 cloak
rCorr   .            (gloves currently unavailable)
SInv    .            I - melded +0 pair of boots
Will    .....        m - amulet of reflection
Stlth   ++           z - ring of protection from cold
HPRegen 0.38/turn    B - +5 ring of evasion
MPRegen 0.19/turn

%: reflection
@: tree-form
A: stationary, stasis, torment immunity, boosted hp, sickness immunity, AC +8,
negative energy resistance 1, (electricity resistance), torment resistance 1,
petrification resistance
a: Renounce Religion


You were on level 11 of the Dungeon.
You worshipped Vehumet.
Vehumet was most pleased with you.
You were a tree.
You visited 2 branches of the dungeon, and saw 13 of its levels.
You also visited: Bailey.

You collected 702 gold pieces.
You spent 348 gold pieces at shops.

Inventory:

Hand Weapons
 a - a +0 war axe of flaming
 b - a +1 war axe of holy wrath
Missiles
 c - a throwing net
Armour
 l - a +0 robe of willpower
 y - a +2 helmet (melded)
 D - a +1 robe of fire resistance
 F - +0 steam dragon scales (melded)
 I - a +0 pair of boots (melded)
 K - a +0 cloak (melded)
Magical Staves
 t - a staff of earth (weapon)
Jewellery
 m - an amulet of reflection (around neck)
 z - a ring of protection from cold (left branch)
 B - a +5 ring of evasion (right branch)
Wands
 r - a wand of polymorph (11)
 x - a wand of flame (19) (quivered)
Scrolls
 h - a scroll of fog
 k - a scroll of revelation
 p - 4 scrolls of vulnerability
 q - a scroll of enchant armour {unknown}
 u - 2 scrolls of immolation
 v - a scroll of amnesia {unknown}
 H - 2 scrolls of silence {unknown}
 J - a scroll of teleportation {unknown}
 L - 2 scrolls of poison {unknown}
 M - a scroll of noise {unknown}
 N - a scroll of fear {unknown}
 O - a scroll of enchant weapon {unknown}
 P - a scroll of torment {unknown}
Potions
 d - a potion of mutation {unknown}
 e - 2 potions of enlightenment
 f - 4 potions of heal wounds {unknown}
 i - 2 potions of lignification
 n - 2 potions of attraction
 o - a potion of ambrosia {unknown}
 s - 5 potions of might {unknown}
 w - 3 potions of degeneration {unknown}
 A - 2 potions of resistance {unknown}
 C - 2 potions of haste {unknown}
 E - 3 potions of berserk rage
 G - a potion of brilliance {unknown}
Miscellaneous
 Q - a phantom mirror (inert)


   Skills:
 * Level 8.6 Fighting
 * Level 8.0 Dodging
 - Level 4.0 Stealth
 * Level 9.0 Spellcasting
 * Level 10.2 Conjurations
 - Level 4.0 Transmutations
 * Level 11.3 Earth Magic


You had 4 spell levels left.
You knew the following spells:

 Your Spells              Type           Power      Damage    Failure   Level
a - Sandblast             Erth           100%       2d20      1%          1
b - Passwall              Tmut/Erth      46%        N/A       1%          2
c - Stone Arrow           Conj/Erth      100%       3d13      1%          3
d - Brom's Barrelling Bo  Conj/Erth      68%        2d8       1%          4
e - Lee's Rapid Deconstr  Erth           34%        3d17*     1%          5
f - Petrify               Tmut/Erth      56%        N/A       3%          4
g - Bombard               Conj/Erth      34%        9d6       4%          6

Your spell library contained the following spells:

 Spells                   Type           Power      Damage    Failure   Level
 Volatile Blastmotes      Fire/Tloc      18%        2d11      6%          3
 Leda's Liquefaction      Hex/Erth       23%        N/A       8%          4
 Blink                    Tloc           18%        N/A       12%         2
 Ensorcelled Hibernation  Hex/Ice        18%        N/A       12%         2
 Jinxbite                 Hex            18%        N/A       12%         2
 Call Canine Familiar     Summ           9%         N/A       22%         3
 Sigil of Binding         Hex            9%         N/A       22%         3
 Swiftness                Air            9%         N/A       22%         3
 Anguish                  Hex/Necr       4%         N/A       58%         4
 Dimensional Bullseye     Hex/Tloc       4%         N/A       58%         4
 Manifold Assault         Tloc           9%         N/A       58%         4
 Vhi's Electric Charge    Tloc/Air       18%        N/A       58%         4
 Arcjolt                  Conj/Air       14%        1d24      7%          5
 Plasma Beam              Fire/Air       4%         2x1d14    94%         6


Dungeon Overview and Level Annotations

Branches:
Dungeon (12/15)            Temple (1/1) D:7            Lair (0/5) D:9
 Bailey (visited)
    Orc: D:9-12

Altars:
Ashenzari
Cheibriados
Dithmenos
Elyvilon
Fedhas
Gozag
Hepliaklqana
Kikubaaqudgha
Makhleb
Nemelex Xobeh
Okawaru
Qazlal
Ru
Sif Muna
Trog
Uskayaw
Vehumet
Wu Jian
Xom
Yredelemnul
Zin
The Shining One

Shops:
D:1 *   D:4 *

Annotations:
D:8 2 transporters, Theblade121's ghost, novice OpWn


Innate Abilities, Weirdness & Mutations

You are a tree.
Your roots penetrate the ground, keeping you stationary.
You cannot be teleported.
You are immune to unholy pain and torment.
Your maximum health is greatly increased.
Your equipment is partially melded.
You are immune to sickness and miasma.
((Your stone body is resilient. (AC +8)))
You are immune to poison.
You resist negative energy. (rN+)
((You are resistant to electric shocks. (rElec)))
You are resistant to unholy torment.
You are immune to petrification.


Message History

* * * LOW HITPOINT WARNING * * *
The skeletal warrior barely misses you.
You feel better.
The electric eel shoots out a bolt of lightning at you!
The bolt of electricity hits you. You resist.
* * * LOW HITPOINT WARNING * * *
The bolt of electricity hits you. You resist.
* * * LOW HITPOINT WARNING * * *
You block the skeletal warrior's attack.
You turn into a tree.
Your +0 cloak melds into your body.
Your +2 helmet melds into your body.
Your +0 pair of boots melds into your body.
Your +0 steam dragon scales melds into your body.
Your roots penetrate the ground.
The electric eel shoots out a bolt of lightning at you!
The bolt of electricity hits you but does no damage.
The bolt of electricity hits you!
* * * LOW HITPOINT WARNING * * *
You block the skeletal warrior's attack.
Unknown command.
Hit: t) staff of earth
Press: ? - help, Dir - move target, f/p - skeletal warrior
Aim: a skeletal warrior, wielding the +9 short sword of Gluttony {drain, rC+++ Int-5 Dex+2} (almost destroyed, about 36% to evade your staff of earth)
You hit the skeletal warrior but do no damage.
The skeletal warrior is almost destroyed.
The electric eel shoots out a bolt of lightning at you!
The bolt of electricity hits you.
* * * LOW HITPOINT WARNING * * *
The bolt of electricity hits you but does no damage.
You block the skeletal warrior's attack.
Unknown command.
Okay, then.
Hit: t) staff of earth
Press: ? - help, Dir - move target, f/p - skeletal warrior
Aim: a skeletal warrior, wielding the +9 short sword of Gluttony {drain, rC+++ Int-5 Dex+2} (almost destroyed, about 36% to evade your staff of earth)
You hit the skeletal warrior but do no damage.
The skeletal warrior is almost destroyed.
The electric eel shoots out a bolt of lightning at you!
The bolt of electricity hits you!
You die...

##### ##### ##...#
#.##.
###.#######.#.#
####......#......#
#♣z.###.#..#####..
##>#...#.###...###
##..≈≈≈...[.≈≈...
##S≈≈≈≈≈≈≈≈≈≈≈≈≈
≈≈≈S≈≈≈.≈≈≈≈≈≈≈≈≈
≈≈≈≈≈≈≈≈≈≈≈≈≈≈≈≈≈
#≈≈≈≈≈≈≈≈≈≈≈≈≈≈≈≈≈
≈≈≈≈≈≈≈≈≈≈≈≈≈≈≈≈≈≈≈
≈###≈≈≈≈≈≈≈≈≈≈≈≈≈≈≈


You could see a skeletal warrior and 2 electric eels.

Vanquished Creatures
  A hydra (D:12)
  A vault guard (Bailey)
  An ogre mage (D:12)
  A centaur warrior (D:12)
  A boulder beetle (D:10)
  A two-headed ogre (D:10)
  A deep elf pyromancer (D:9)
  Pikel (D:7)
  A wolf spider (D:12)
  An ugly thing (D:12)
  A cane toad (Bailey)
  Maggie (D:7)
  A tengu conjurer (D:12)
  A troll (D:12)
  A meliai (D:12)
  2 hornets
  Prince Ribbit (D:7)
  A water elemental (D:11)
  3 wyverns
  2 wraiths
  2 steam dragons
  20 yaks
  5 humans (Bailey)
  A basilisk (D:9)
  5 vampire mosquitoes
  Menkaure (D:6)
  2 acid dragons
  5 water moccasins (D:9)
  The ghost of Conn the Sneak, an amateur OpFE (D:3)
  Duvessa (D:7)
  6 orc warriors
  4 ice beasts
  3 black bears
  3 ogres
  A phantom (D:5)
  2 centaurs
  A lemure (D:6)
  15 bullfrogs
  3 kobold brigands
  A gnoll sergeant (D:6)
  2 scorpions
  4 wights (D:8)
  Dowan (D:7)
  A water moccasin skeleton (D:3)
  17 killer bees
  8 electric eels
  6 howler monkeys
  9 orc priests
  Crazy Yiuf (D:3)
  3 hounds
  A bullfrog skeleton (D:3)
  A centaur zombie (D:3)
  A jelly (D:4)
  Jessica (D:2)
  A centaur skeleton (D:3)
  Ijyb (D:4)
  9 orc wizards
  Natasha (thrice) (D:3)
  8 iguanas
  3 gnolls
  6 adders
  2 white imps
  An ufetubus (D:6)
  3 worms
  43 orcs
  6 ball pythons
  8 endoplasms
  A giant cockroach (D:1)
  9 goblins
  8 hobgoblins
  23 kobolds
  7 quokkas
  10 bats
  4 frilled lizards
  6 rats
324 creatures vanquished.

Vanquished Creatures (collateral kills)
  A vault guard (Bailey)
1 creature vanquished.

Vanquished Creatures (others)
  A boulder (D:7)
1 creature vanquished.

Grand Total: 326 creatures vanquished

Notes
Turn   | Place    | Note
-------+----------+-------------------------------------------
     0 | D:1      | CrazyBamboolord the Gargoyle Earth Elementalist began the
                  | quest for the Orb.
     0 | D:1      | Reached XP level 1. HP: 10/10 MP: 3/3
   294 | D:1      | Reached XP level 2. HP: 16/16 MP: 3/5
   348 | D:1      | Reached skill level 1 in Conjurations
   503 | D:1      | Found a faded altar of an unknown god.
   869 | D:1      | Reached XP level 3. HP: 20/20 MP: 4/6
  1134 | D:1      | Reached skill level 1 in Transmutations
  1147 | D:1      | Found Xiabont's Assorted Antiques.
  1164 | D:1      | Bought a brown potion for 15 gold pieces
  1164 | D:1      | Bought a scroll labelled LUESKE VADI for 17 gold pieces
  1391 | D:1      | Learned a level 2 spell: Passwall
  1587 | D:2      | Found a shadowy altar of Dithmenos.
  1613 | D:2      | Noticed Jessica
  1622 | D:2      | Killed Jessica
  1623 | D:2      | Reached skill level 1 in Fighting
  1623 | D:2      | Reached skill level 4 in Earth Magic
  1623 | D:2      | Reached XP level 4. HP: 21/25 MP: 0/7
  1727 | D:2      | Learned a level 3 spell: Stone Arrow
  2222 | D:3      | Noticed Natasha
  2226 | D:3      | Killed Natasha
  2227 | D:3      | Reached XP level 5. HP: 29/29 MP: 4/9
  2253 | D:3      | Noticed Natasha
  2257 | D:3      | Killed Natasha
  2361 | D:3      | Noticed Natasha
  2369 | D:3      | Killed Natasha
  2488 | D:3      | Found a runed translucent door.
  2489 | D:3      | Noticed Crazy Yiuf
  2579 | D:3      | Found a transporter.
  2581 | D:3      | Noticed Conn's ghost (amateur OpFE)
  2672 | D:3      | Found a transporter.
  3076 | D:4      | Noticed Ijyb
  3094 | D:4      | Killed Ijyb
  3095 | D:4      | Reached XP level 6. HP: 31/35 MP: 0/10
  3274 | D:4      | Found Dimomife's Assorted Antiques.
  3282 | D:4      | Bought 3 scrolls labelled ARUTUY RUIRCH for 87 gold pieces
  3688 | D:4      | Reached XP level 7. HP: 40/40 MP: 7/11
  3693 | D:4      | Reached skill level 5 in Earth Magic
  4197 | D:5      | Entered Level 5 of the Dungeon
  4571 | D:5      | Reached XP level 8. HP: 45/45 MP: 11/13
  5124 | D:4      | Bought an emerald ring for 145 gold pieces
  5157 | D:6      | Noticed Menkaure
  5163 | D:6      | Killed Menkaure
  5164 | D:6      | Reached skill level 6 in Earth Magic
  5412 | D:5      | Learned a level 4 spell: Brom's Barrelling Boulder
  5695 | D:6      | Reached skill level 5 in Conjurations
  5856 | D:6      | Reached XP level 9. HP: 42/51 MP: 7/16
  6032 | D:6      | Reached skill level 5 in Spellcasting
  6032 | D:6      | Reached skill level 7 in Earth Magic
  6535 | D:7      | Noticed Pikel
  6625 | D:7      | Killed Pikel
  6726 | D:7      | Noticed Prince Ribbit
  6731 | D:7      | Killed Prince Ribbit
  6732 | D:7      | Reached skill level 5 in Dodging
  6737 | D:7      | Reached skill level 8 in Earth Magic
  6750 | D:7      | Reached XP level 10. HP: 7/58 MP: 0/19
  6989 | D:7      | Noticed Maggie
  6994 | D:7      | Killed Maggie
  7168 | D:7      | Found a shimmering altar of Xom.
  7196 | D:7      | Found a burning altar of Makhleb.
  7199 | D:7      | Reached skill level 5 in Fighting
  7204 | D:7      | Noticed a blizzard demon
  7260 | D:7      | Noticed an orange demon
  7260 | D:7      | Noticed a smoke demon
  7398 | D:7      | Noticed Duvessa
  7398 | D:7      | Noticed Dowan
  7405 | D:7      | Killed Dowan
  7409 | D:7      | Killed Duvessa
  7410 | D:7      | Reached skill level 9 in Earth Magic
  7427 | D:7      | Identified 2 scrolls of acquirement
  7428 | D:7      | Acquired a staff of earth
  7586 | D:7      | Found a staircase to the Ecumenical Temple.
  7720 | Temple   | Entered the Ecumenical Temple
  7725 | Temple   | Became a worshipper of Vehumet
  7807 | D:4      | Bought a bubbling grey potion for 26 gold pieces
  7807 | D:4      | Bought a scroll labelled LUGI ATONE IWA for 29 gold pieces
  7807 | D:4      | Bought a scroll labelled BEKKOU GOBUBBE for 29 gold pieces
  7807 | D:4      | Acquired a book of the Earth
  7815 | D:4      | Learned a level 5 spell: Lee's Rapid Deconstruction
  8439 | D:8      | Found a transporter.
  8449 | D:8      | Noticed a boulder beetle
  8452 | D:8      | Noticed a two-headed ogre
  8453 | D:8      | Noticed Theblade121's ghost (novice OpWn)
  8459 | D:8      | Noticed a deep elf pyromancer
  8459 | D:8      | Noticed a tengu warrior
  8588 | D:8      | Identified the +7 glaive "Ehiose" {antimagic, rPois rN+}
  8653 | D:8      | Found a transporter.
  9344 | D:3      | Killed Crazy Yiuf
  9425 | D:3      | Killed Conn's ghost
  9751 | D:9      | Noticed a deep elf pyromancer
  9755 | D:9      | Killed a deep elf pyromancer
  9758 | D:9      | Reached XP level 11. HP: 64/64 MP: 6/21
  9962 | D:9      | Reached * piety under Vehumet
  9962 | D:9      | Offered knowledge of Kiss of Death by Vehumet.
 10108 | D:9      | Reached skill level 10 in Earth Magic
 10751 | D:9      | Found a staircase to the Lair.
 11380 | D:9      | Learned a level 4 spell: Petrify
 11387 | D:9      | Learned a level 6 spell: Bombard
 11410 | D:10     | Entered Level 10 of the Dungeon
 11414 | D:10     | Found a flagged portal.
 11430 | Bailey   | Entered a bailey
 11788 | Bailey   | Reached ** piety under Vehumet
 11806 | Bailey   | Offered knowledge of Poisonous Vapours by Vehumet.
 11944 | Bailey   | Noticed a vault guard
 11991 | Bailey   | Killed a vault guard
 12216 | Bailey   | Noticed a vault guard
 12227 | Bailey   | Killed a vault guard
 12398 | D:10     | Reached XP level 12. HP: 72/72 MP: 4/24
 12860 | D:10     | Noticed a boulder beetle
 12869 | D:10     | Killed a boulder beetle
 13174 | D:10     | Noticed a two-headed ogre
 13181 | D:10     | Killed a two-headed ogre
 13510 | D:10     | Offered knowledge of Inner Flame by Vehumet.
 14037 | D:11     | Reached *** piety under Vehumet
 14766 | D:12     | Noticed an ogre mage
 14767 | D:12     | Noticed an eight-headed hydra
 14779 | D:12     | Offered knowledge of Volatile Blastmotes by Vehumet.
 14779 | D:12     | Noticed a centaur warrior
 14780 | D:12     | Killed an eight-headed hydra
 14780 | D:12     | Killed an ogre mage
 14781 | D:12     | Reached skill level 10 in Conjurations
 14781 | D:12     | Reached skill level 11 in Earth Magic
 14781 | D:12     | Killed a centaur warrior
 15011 | D:12     | Identified the +9 short sword of Gluttony {drain, rC+++
                  | Int-5 Dex+2}
 15242 | D:11     | Killed from afar by an electric eel

Illustrated notes

Levels and vault maps discovered:
D:1:      lemuel_arrival_lava_pool, layout_basic, serial_shops,
          nicolae_shop_tiny_statue_garden,
          shapermc_ecumenical_altar_mp_vishouse, dk_noncrumbling_3, st_stairs_10
D:2:      layout_basic, basic_altar, minmay_unequal, uniq_jessica
D:3:      layout_basic, gammafunk_ghost_mausoleum,
          minmay_misc_feat_secret_circle, uniq_crazy_yiuf_cottage, uniq_natasha
D:4:      layout_loops_ring, serial_shops, nicolae_square_shop,
          amethyst_killhole, uniq_ijyb
D:5:      layout_rooms
D:6:      layout_basic, uniq_menkaure
D:7:      layout_basic, mainiacjoe_overflow_small_starburst,
          makhleb_altar_promises_db, temple_statues, uniq_prince_ribbit1,
          uniq_duvessa, uniq_pikel, uniq_maggie
D:8:      layout_loops_ring, nzn_ghost_randoct
D:9:      layout_cave_pools, minmay_lair_entry_grove
D:10:     layout_stronghold, enter_bailey_6, roderic_nine_men_s_morris
D:11:     erik_rubicon_a, layout_basic, orc_0_dummy, minivault_24, uniq_psyche,
          uniq_urug
D:12:     minmay_cut_squares, layout_small_grid, amcnicky_mini_corridor_feature,
          minivault_21, nicolae_lava_and_water, grunt_decor_clamped
Temple:   nicolae_temple_bog_church

Skill      XL: |  1  2  3  4  5  6  7  8  9 10 11 12 |
---------------+-------------------------------------+-----
Conjurations   | 1 2 3 5 6 7 9 10 | 10.2
Transmutations | 1 2 3 4 |  4.0
Fighting       | 1 2 3 4 6 7 8 |  8.6
Dodging        | 2 3 4 5 7 8 |  8.0
Earth Magic    | 4 5 6 8 9 10 11 | 11.3
Stealth        | 3 4 |  4.0
Spellcasting   | 3 4 6 7 8 9 |  9.0

Action                     |  1- 3 |  4- 6 |  7- 9 | 10-12 || total
---------------------------+-------+-------+-------+-------++-------
  Melee: Unarmed           |    10 |    26 |       |       ||    36
         War axe           |       |       |    15 |     9 ||    24
         Staff             |       |       |       |   190 ||   190
   Cast: Sandblast         |    55 |    84 |   146 |    28 ||   313
         Stone Arrow       |       |       |    24 |   260 ||   284
         Brom's Barrelling |       |       |       |     2 ||     2
         Lee's Rapid Decon |       |       |       |    31 ||    31
  Evoke: Wand              |       |       |       |     3 ||     3
         Phantom mirror    |       |       |       |     1 ||     1
    Use: Scroll            |     1 |     4 |     4 |     8 ||    17
         Potion            |       |       |       |    13 ||    13
 Armour: Robe              |    17 |    27 |   113 |    22 ||   179
         Skin              |       |    27 |       |     5 ||    32
         Steam dragon scal |       |       |       |   228 ||   228
  Dodge: Dodged            |    30 |    30 |   136 |   371 ||   567
  Block: Other             |       |    15 |    47 |   112 ||   174
         Reflection        |       |     3 |       |     3 ||     6

Table legend: (Time is in decaauts)
 A = Elapsed time spent in this place.
 B = Non-inter-level travel time spent in this place.
 C = Inter-level travel time spent in this place.
 D = Time resting spent in this place.
 E = Time spent auto-exploring this place.
 F = Levels seen in this place.
 G = Mean time per level.
                   A        B        C        D        E       F      G
               +--------+--------+--------+--------+--------+-----+--------+
         Total |  15474 |  14446 |   1028 |   2829 |   9087 |  14 | 1105.3 |
       Dungeon |  14510 |  13486 |   1024 |   2222 |   9087 |  12 | 1209.2 |
        Temple |     10 |      6 |      4 |      0 |      0 |   1 |   10.0 |
        Bailey |    953 |    953 |      0 |    607 |      0 |   1 |  953.0 |
               +--------+--------+--------+--------+--------+-----+--------+

Top non-repeatable levels by time:
     D:8: 1775 daAuts
    D:10: 1673 daAuts
     D:4: 1533 daAuts
     D:1: 1438 daAuts
     D:7: 1404 daAuts
     D:5: 1382 daAuts
     D:9: 1224 daAuts
     D:3: 1120 daAuts
     D:6: 1013 daAuts
  Bailey: 953 daAuts
     D:2: 701 daAuts
    D:12: 648 daAuts
    D:11: 594 daAuts
  Temple: 10 daAuts
